 Dungeon Crawl Stone Soup version 0.30-a0-1114-gd936c97349 (webtiles) character file.

Game seed: 12595534535701739497

3348 jasper the Blocker (level 10, -1/79 HPs)
             Began as a Formicid Fighter on Apr 20, 2023.
             Slain by a death yak (18 damage)
             ... on level 7 of the Dungeon.
             The game lasted 00:15:02 (7430 turns).

jasper the Blocker (Formicid Fighter)               Turns: 7430, Time: 00:15:02

Health: -1/79      AC: 16    Str: 26    XL:     10   Next: 22%
Magic:  10/10      EV: 12    Int:  7    God:
Gold:   1244       SH:  6    Dex: 13    Spells: 9/9 levels left

rFire   . . .      SeeInvis +    d - +0 battleaxe
rCold   . . .      Faith    .    c - +0 buckler
rNeg    . . .      Spirit   .    C - +0 plate armour
rPois   +          Reflect  .    (helmet unavailable)
rElec   .          Rampage  .    E - +0 cloak
rCorr   .                        (no gloves)
Will    +....                    H - +0 pair of boots Stlth
                                 z - amulet of regeneration
HPRegen 1.13/turn                n - +5 ring of evasion
MPRegen 0.12/turn                y - ring of poison resistance

@: no status effects
A: permanent stasis, dig shafts and tunnels, antennae 3, four strong arms
a: Dig, Shaft Self


You were on level 7 of the Dungeon.
You visited 2 branches of the dungeon, and saw 9 of its levels.

You collected 1244 gold pieces.

Inventory:

Hand Weapons
 a - a +1 war axe
 d - a +0 battleaxe (weapon)
 B - a +0 giant spiked club
Missiles
 f - 78 stones (quivered)
 w - a boomerang
 K - 5 poisoned darts
Armour
 b - a +1 scale mail
 c - a +0 buckler (worn)
 C - a +0 plate armour (worn)
 E - a +0 cloak (worn)
 H - a +0 pair of boots (worn)
Jewellery
 n - a +5 ring of evasion (left hand)
 u - a ring of protection from fire
 y - a ring of poison resistance (right hand)
 z - an amulet of regeneration (around neck)
 A - a ring of protection from cold
Wands
 p - a wand of paralysis (2)
 v - a wand of acid (1)
Scrolls
 g - 2 scrolls of immolation
 o - 2 scrolls of enchant weapon
 x - 2 scrolls of enchant armour
Potions
 e - 2 potions of berserk rage
 h - a potion of flight
 i - 6 potions of curing
 j - 2 potions of mutation
 k - a potion of magic
 l - a potion of heal wounds
 m - 4 potions of ambrosia
 q - 3 potions of resistance
 r - 4 potions of attraction
 s - a potion of haste {unknown}
 t - a potion of lignification {unknown}
 D - a potion of invisibility
 F - 2 potions of degeneration {unknown}


   Skills:
 + Level 7.5 Fighting
 * Level 9.1 Axes
 + Level 7.5 Armour
 + Level 9.1 Shields


You had 9 spell levels left.
You didn't know any spells.
Your spell library contained the following spells:

 Spells                   Type           Power      Damage    Failure   Level
 Lesser Beckoning         Tloc           0%         N/A       100%        2
 Momentum Strike          Conj/Tloc      0%         3d8       100%        2
 Gell's Gravitas          Tloc           0%         N/A       100%        3
 Ignite Poison            Fire/Tmut/Pois 0%         N/A       100%        3
 Teleport Other           Tloc           0%         N/A       100%        3
 Sticky Flame             Conj/Fire      0%         2d3       100%        4
 Dispersal                Tloc           0%         N/A       100%        6
 Ignition                 Fire           0%         3d3       100%        8
 Blink                    Tloc           Unusable   N/A       N/A         2

Dungeon Overview and Level Annotations

Branches:
Dungeon (8/15)             Temple (1/1) D:4
   Lair: D:8-11

Altars:
Cheibriados
Dithmenos
Elyvilon
Fedhas
Gozag
Hepliaklqana
Kikubaaqudgha
Makhleb
Nemelex Xobeh
Qazlal
Ru
Sif Muna
Trog
Uskayaw
Vehumet
Wu Jian
Xom
Yredelemnul
Zin
The Shining One

Annotations:
D:3 3 runed translucent doors, hwolsky's ghost, amateur MiFi
D:4 2 transporters


Innate Abilities, Weirdness & Mutations

You cannot be hasted, slowed, berserked, paralysed or teleported.
You can dig through walls and to a lower floor.
You have a pair of large antennae on your head. (SInv)
Your four strong arms can wield two-handed weapons with a shield.


Message History

Health restored: 79 You climb downwards.
The death yak closely misses you.
A death yak comes into view.
There is a stone staircase leading up, spattered with blood here.
The death yak bellows!
You hear a bellow! x2; You hear a shout!
The death yak gores you but does no damage.
You climb upwards.
There is a stone staircase leading down, spattered with blood here.
You hit the death yak.
The death yak is lightly wounded.
The death yak misses you.
You slash the death yak!
The death yak is lightly wounded.
The death yak gores you!
You take 12 damage, and have 67/79 hp.
You barely miss the death yak.
The death yak is lightly wounded.
The death yak gores you but does no damage.
The death yak gores you!
You take 6 damage, and have 61/79 hp.
You hit the death yak but do no damage.
The death yak is lightly wounded.
The death yak gores you.
You completely miss the death yak.
The death yak is lightly wounded.
The death yak closely misses you.
You regained 2 hp, and now have 63/79 hp.
You slice the death yak!!
The death yak is moderately wounded.
The death yak gores you!
You take 16 damage, and have 47/79 hp.
MASSIVE DAMAGE!!
You hit the death yak.
The death yak is moderately wounded.
The death yak gores you!! The death yak gores you!
* * * LOW HITPOINT WARNING * * *
You take 31 damage, and have 16/79 hp.
MASSIVE DAMAGE!!
You hit the death yak.
The death yak is heavily wounded.
The death yak gores you!!
You die...

########### #.........#
#......##.# ## #......##.# .#
#......##.##### .#
#......##)#...# .#
#.........#†#.##
.####.......#...@..#
......###.#.#..†.Y.#
############
......###.#.'....[.#
#...........
....<.....###......#
#.#......##.
#####.#######......#
#.#.###..... #
#.#............###.#.# #....P #
###...#..............#.# #..P..
#
#.......###.###..#.....###....P
# #.#.....###)#
#..#[#####...§...


You could see a death yak.

Vanquished Creatures
  A steam dragon (D:6)
  A water moccasin (D:8)
  3 black bears
  2 ice beasts
  2 sky beasts
  4 ogres
  4 centaurs
  2 phantoms (D:5)
  A kobold brigand (D:7)
  A gnoll sergeant (D:7)
  4 bullfrogs
  3 scorpions
  3 wights (D:6)
  4 killer bees
  3 howler monkeys
  2 jellies
  3 hounds
  A sleepcap (D:6)
  4 iguanas
  3 orc wizards (D:7)
  3 gnolls (D:7)
  11 adders
  3 shadow imps
  2 white imps (D:6)
  2 ufetubi
  4 worms
  3 dart slugs
  18 orcs
  7 ball pythons
  5 bats
  7 endoplasms
  2 giant cockroaches
  8 goblins
  7 hobgoblins
  4 jackals (D:3)
  5 quokkas
  11 frilled lizards
  11 kobolds
  4 rats
  A bush (D:5)
169 creatures vanquished.

Vanquished Creatures (others)
  13 plants
13 creatures vanquished.

Grand Total: 182 creatures vanquished

Notes
Turn   | Place    | Note
-------+----------+-------------------------------------------
     0 | D:1      | jasper the Formicid Fighter began the quest for the Orb.
     0 | D:1      | Reached XP level 1. HP: 18/18 MP: 1/1
   106 | D:1      | Reached XP level 2. HP: 15/24 MP: 2/2
   917 | D:2      | Reached XP level 3. HP: 27/28 MP: 3/3
  1430 | D:2      | Reached XP level 4. HP: 37/37 MP: 4/4
  2058 | D:3      | Found a snail-covered altar of Cheibriados.
  2301 | D:3      | Reached XP level 5. HP: 7/19 MP: 5/5
  2582 | D:3      | Found a runed translucent gate.
  2582 | D:3      | Found a runed translucent gate.
  2765 | D:3      | Found a runed translucent gate.
  2767 | D:3      | Noticed hwolsky's ghost (amateur MiFi)
  3480 | D:3      | Reached skill level 5 in Shields
  3539 | D:4      | Reached XP level 6. HP: 26/36 MP: 6/6
  3678 | D:4      | Noticed a black bear
  3683 | D:4      | Killed a black bear
  3684 | D:4      | Reached XP level 7. HP: 50/55 MP: 7/7
  3953 | D:4      | Found a transporter.
  4128 | D:4      | Found a transporter.
  4272 | D:4      | Found a staircase to the Ecumenical Temple.
  4294 | Temple   | Entered the Ecumenical Temple
  4387 | D:5      | Entered Level 5 of the Dungeon
  4450 | D:5      | Reached skill level 5 in Axes
  4514 | D:5      | Reached skill level 5 in Fighting
  4514 | D:5      | Reached skill level 5 in Armour
  4719 | D:5      | Reached XP level 8. HP: 62/62 MP: 8/8
  5208 | D:5      | Found a shimmering altar of Xom.
  5583 | D:5      | Found an opulent altar of Gozag.
  5672 | D:6      | Reached XP level 9. HP: 61/69 MP: 9/9
  6036 | D:6      | Found a bloodstained altar of Trog.
  6756 | D:7      | Found a hazy altar of Hepliaklqana.
  6851 | D:7      | Reached XP level 10. HP: 79/79 MP: 10/10
  7241 | D:7      | Identified a scroll of acquirement
  7241 | D:7      | Acquired 857 gold pieces
  7381 | D:8      | Noticed a death yak
  7420 | D:8      | Noticed a death yak
  7421 | D:8      | Noticed a death yak
  7430 | D:7      | Slain by a death yak

Illustrated notes

Levels and vault maps discovered:
D:1:      lemuel_arrival_river_bridge, layout_basic
D:2:      layout_loops_corners
D:3:      layout_basic, slow_altar_2, ebering_ghost_rock_garden
D:4:      gammafunk_steamed_eel, layout_rooms, lemuel_temple_firewalk_b,
          chequers_decorated_corner, dk_vineyard_1, minmay_lizard_king
D:5:      layout_basic, mainiacjoe_overflow_big_doors, corexii_shack,
          minivault_5, kb_lookout_dungeons_type
D:6:      layout_loops_cross, bloody_trog
D:7:      layout_basic, nicolae_hepliaklqana_hazy_memory
D:8:      layout_basic, dpeg_lair_monsters, serial_shops,
          nicolae_shop_bloodbath_and_beyond, nicolae_shop_tiny_real_fake_doors,
          shop, nicolae_shop_hallway_plus, shop, st_stairs_9, abandoned_shop
Temple:   eino_wide_crystal_templ

Skill      XL: |  1  2  3  4  5  6  7  8  9 10 |
---------------+-------------------------------+-----
Axes           | 3 4 5 7 8 9 |  9.1
Armour         | 4 5 6 7 |  7.5
Fighting       | 4 5 6 7 |  7.5
Shields        | 5 6 7 8 9 |  9.1

Action                     |  1- 3 |  4- 6 |  7- 9 | 10-12 || total
---------------------------+-------+-------+-------+-------++-------
  Melee: War axe           |    79 |   136 |   210 |       ||   425
         Battleaxe         |       |       |   102 |    58 ||   160
  Throw: Stone             |     1 |       |     7 |       ||     8
Ability: Dig               |     2 |     1 |     1 |       ||     4
  Evoke: Wand              |       |       |     6 |       ||     6
    Use: Scroll            |       |     9 |     9 |     3 ||    21
         Potion            |       |     1 |     1 |       ||     2
 Armour: Scale mail        |    45 |    43 |    49 |       ||   137
         Plate armour      |       |       |    79 |    41 ||   120
  Dodge: Dodged            |    47 |   117 |   172 |    48 ||   384
  Block: Buckler           |    18 |    37 |    91 |    28 ||   174

Table legend: (Time is in decaauts)
 A = Elapsed time spent in this place.
 B = Non-inter-level travel time spent in this place.
 C = Inter-level travel time spent in this place.
 D = Time resting spent in this place.
 E = Time spent auto-exploring this place.
 F = Levels seen in this place.
 G = Mean time per level.
                   A        B        C        D        E       F      G
               +--------+--------+--------+--------+--------+-----+--------+
         Total |   7625 |   7128 |    497 |    675 |   3610 |   9 |  847.2 |
       Dungeon |   7553 |   7077 |    476 |    675 |   3570 |   8 |  944.1 |
        Temple |     72 |     51 |     21 |      0 |     40 |   1 |   72.0 |
               +--------+--------+--------+--------+--------+-----+--------+

Top non-repeatable levels by time:
     D:3: 1711 daAuts
     D:5: 1280 daAuts
     D:7: 1114 daAuts
     D:2: 1019 daAuts
     D:1: 990 daAuts
     D:4: 698 daAuts
     D:6: 694 daAuts
  Temple: 72 daAuts
     D:8: 43 daAuts
